 Dungeon Crawl Stone Soup version 0.21-a0-1-gaf3b9a5 (webtiles) character file.

2075 inmateoo the Grappler (level 9, -3/84 HPs)
             Began as a Troll Summoner on May 20, 2017.
             Was a Follower of Cheibriados.
             Slain by a two-headed ogre
             ... wielding a +0 giant club
              (11 damage)
             ... on level 8 of the Dungeon.
             The game lasted 00:09:35 (5706 turns).

inmateoo the Grappler (Troll Summoner)              Turns: 5706, Time: 00:09:36

Health: -3/84      AC:  6    Str: 22    XL:     9   Next: 6%
Magic:  11/11      EV: 12    Int: 13    God:    Cheibriados [*.....]
Gold:   437        SH:  0    Dex: 15    Spells: 4/12 levels left

rFire    . . .     SeeInvis .     - Unarmed
rCold    . . .     Gourm    +   (no shield)
rNeg     . . .     Faith    .   a - +1 robe
rPois    .         Spirit   .   (helmet restricted)
rElec    .         Reflect  .   v - scarf {cloud immunity}
rCorr    .         Harm     .   (gloves unavailable)
MR       .....                  (boots unavailable)
Stlth    ++........             (no amulet)
Regen    0.7/turn               (no ring)
MPRegen  0.2/turn               z - +2 ring of strength

@: very slow
A: unfitting armour, claws 3, fast metabolism 3, gourmand, regeneration 1,
shaggy fur 1, tough skin 2
a: Bend Time, Renounce Religion


You were on level 8 of the Dungeon.
You worshipped Cheibriados.
Cheibriados was aware of your devotion.
You were not hungry.

You visited 2 branches of the dungeon, and saw 9 of its levels.
You also visited: Sewer.

You collected 437 gold pieces.

Inventory:

Armour
 a - a +1 robe (worn)
 i - a +0 cloak
 v - a scarf of cloud immunity (worn)
 y - a +0 large shield
Jewellery
 z - a +2 ring of strength (right claw)
Scrolls
 h - 2 scrolls of remove curse
 j - 2 scrolls of recharging
 n - 6 scrolls of teleportation
Potions
 e - a potion of might
 f - a potion of curing
 g - 6 potions of brilliance
 l - 2 potions of magic
 p - a potion of heal wounds {unknown}
 s - 2 potions of lignification {unknown}
 t - 3 potions of flight
 u - a potion of agility
 w - 2 potions of mutation {unknown}
 x - a potion of ambrosia {unknown}
Books
 b - a book of Callings

   Spells                             Type                      Level
   a - Summon Small Mammal            Summoning                    1
   b - Call Imp                       Summoning                    2
   c - Call Canine Familiar           Summoning                    3
   d - Summon Guardian Golem          Hexes/Summoning              3
   e - Summon Lightning Spire         Summoning/Air                4
   f - Summon Ice Beast               Ice/Summoning                4
 k - a book of Debilitation

   Spells                             Type                      Level
   a - Corona                         Hexes                        1
   b - Slow                           Hexes                        2
   c - Inner Flame                    Hexes/Fire                   3
   d - Portal Projectile              Hexes/Translocation          3
   e - Cause Fear                     Hexes                        4
   f - Leda's Liquefaction            Hexes/Earth                  4
 q - the Reference Book on Icy Darkness
   (You found it on level 6 of the Dungeon)

   Spells                             Type                      Level
   a - Sublimation of Blood           Necromancy                   2
   b - Vampiric Draining              Necromancy                   3
   c - Throw Icicle                   Conjuration/Ice              4
   d - Bolt of Draining               Conjuration/Necromancy       5
   e - Ozocubu's Refrigeration        Ice                          6
Comestibles
 c - 5 bread rations
 d - 8 fruits
 m - 4 meat rations
 r - 5 royal jellies


   Skills:
 + Level 3.7 Fighting
 + Level 3.8 Dodging
 - Level 1.0 Stealth
 * Level 9.0 Unarmed Combat
 + Level 2.2 Spellcasting
 + Level 3.7 Summonings


You had 4 spell levels left.
You knew the following spells:

 Your Spells              Type           Power        Failure   Level  Hunger
a - Summon Small Mammal   Summ           ##..         5%          1    ##.....
b - Call Imp              Summ           ##......     9%          2    ###....
c - Apportation           Tloc           #.....       26%         1    ##.....
d - Summon Lightning Spi  Summ/Air       #.......     75%         4    #####..


Dungeon Overview and Level Annotations

Branches:
Dungeon (8/15)             Temple (1/1) D:7
   Lair: D:8-11

Altars:
Ashenzari
Cheibriados
Elyvilon
Fedhas
Gozag
Hepliaklqana
Kikubaaqudgha
Makhleb
Nemelex Xobeh
Okawaru
Qazlal
Ru
Sif Muna
Trog
Uskayaw
Vehumet
Wu Jian
Yredelemnul
Zin
The Shining One


Innate Abilities, Weirdness & Mutations

You are too large for most types of armour.
You have claws for hands.
Your metabolism is lightning-fast.
You like to eat raw meat.
Your natural rate of healing is unusually fast.
You are covered in fur. (AC +1)
You have very tough skin. (AC +2)


Message History

You are too injured to fight recklessly!
Unknown command.
Okay, then.
You scratch the two-headed ogre but do no damage.
You claw the two-headed ogre!
The two-headed ogre is severely wounded.
The leopard gecko bites you but does no damage.
You claw the two-headed ogre!
The two-headed ogre is almost dead.
The leopard gecko closely misses you.
The two-headed ogre hits you with a giant club!
* * * LOW HITPOINT WARNING * * *
The two-headed ogre hits you with a giant club!
* * * LOW HITPOINT WARNING * * *
You scratch the two-headed ogre but do no damage.
The two-headed ogre is almost dead.
The leopard gecko bites you but does no damage.
The two-headed ogre closely misses you.
The two-headed ogre hits you with a giant club!
You die...

#.# #.# # ##<#
#. #..# #.
#.## #.# #.#
#.. ##.#
#####.O####..#
.......@....##
#####..l.#..#
#..###.## #..
..# #.. ..##
#..... #.....
#...##


You could see a two-headed ogre and a leopard gecko.

Vanquished Creatures
  A hungry ghost (D:7)
  Menkaure (D:5)
  An orc warrior (D:6)
  3 ogres
  6 bullfrogs
  4 scorpions
  2 crimson imps
  3 orc priests
  A hound (D:5)
  7 orc wizards
  A bullfrog skeleton (D:5)
  4 worker ants
  A merfolk siren (Sewer)
  A merfolk avatar (Sewer)
  A killer bee zombie (D:7)
  A hound zombie (D:8)
  A hound skeleton (D:6)
  8 adders
  4 gnolls (D:2)
  A howler monkey skeleton (D:7)
  2 river rats (Sewer)
  An ooze (D:1)
  7 leopard geckos
  15 orcs
  7 ball pythons
  7 bats
  15 giant cockroaches
  9 goblins
  5 hobgoblins
  4 jackals
  3 quokkas
  18 frilled lizards
  13 kobolds
  2 leopard gecko zombies (D:7)
  26 rats
186 creatures vanquished.

Vanquished Creatures (others)
  A plant (D:3)
1 creature vanquished.

Grand Total: 187 creatures vanquished

Notes
Turn   | Place    | Note
-------+----------+-------------------------------------------
     0 | D:1      | inmateoo the Troll Summoner began the quest for the Orb.
     0 | D:1      | Reached XP level 1. HP: 16/16 MP: 1/1
   133 | D:1      | Reached skill level 1 in Unarmed Combat
   166 | D:1      | Reached XP level 2. HP: 24/24 MP: 2/2
   214 | D:1      | Reached skill level 2 in Unarmed Combat
   692 | D:1      | Reached XP level 3. HP: 31/31 MP: 3/3
  1042 | D:2      | Reached skill level 3 in Unarmed Combat
  1111 | D:2      | Reached XP level 4. HP: 35/39 MP: 4/4
  1118 | D:2      | Reached skill level 4 in Unarmed Combat
  1634 | D:3      | Reached XP level 5. HP: 9/45 MP: 5/5
  1645 | D:3      | Reached skill level 5 in Unarmed Combat
  1691 | D:3      | Found a shattered altar of Ashenzari.
  1692 | D:3      | Found a glowing golden altar of the Shining One.
  1997 | D:3      | Found a glowing drain.
  2001 | Sewer    | Entered a sewer
  2101 | Sewer    | Reached XP level 6. HP: 51/53 MP: 6/6
  2231 | Sewer    | Reached skill level 6 in Unarmed Combat
  2310 | D:3      | Found an iron altar of Okawaru.
  2737 | D:4      | Reached skill level 1 in Fighting
  2858 | D:4      | Reached XP level 7. HP: 62/62 MP: 7/7
  3218 | D:4      | Found a burning altar of Makhleb.
  3218 | D:4      | Noticed a balrug
  3221 | D:4      | Noticed a ynoxinul
  3221 | D:4      | Noticed a smoke demon
  3430 | D:5      | Entered Level 5 of the Dungeon
  3484 | D:5      | Found a basalt altar of Yredelemnul.
  3485 | D:5      | Found a radiant altar of Vehumet.
  3579 | D:5      | Noticed Menkaure
  3584 | D:5      | Killed Menkaure
  3584 | D:5      | Reached skill level 7 in Unarmed Combat
  3834 | D:5      | Found a sparkling altar of Nemelex Xobeh.
  4178 | D:6      | Reached XP level 8. HP: 62/74 MP: 8/8
  4201 | D:6      | Learned a level 2 spell: Call Imp
  4309 | D:6      | Learned a level 1 spell: Apportation
  4385 | D:6      | Identified the Reference Book on Icy Darkness
  4455 | D:6      | Reached skill level 8 in Unarmed Combat
  4939 | D:7      | Learned a level 4 spell: Summon Lightning Spire
  4973 | D:7      | Found a staircase to the Ecumenical Temple.
  4988 | Temple   | Entered the Ecumenical Temple
  5031 | Temple   | Became a worshipper of Cheibriados the Contemplative
  5546 | D:7      | Reached skill level 9 in Unarmed Combat
  5546 | D:7      | Reached XP level 9. HP: 71/83 MP: 11/11
  5692 | D:8      | Reached * piety under Cheibriados
  5700 | D:8      | Noticed a two-headed ogre
  5706 | D:8      | Slain by a two-headed ogre

Vault maps used:
D:1:      kilobyte_arrival_exit_the_forest, minmay_quantized
D:2:      first_bread, minmay_misc_feat_room, moated_statue, minmay_lizard_pond
D:3:      grunt_temple_overflow_open, nicolae_overflow_hidden_temple,
          gup_sewer_entry_bowl, lexackson_kobold_supper
D:4:      minivault_11, minivault_24, makhleb_altar_promises_db
D:5:      gammafunk_temple_overflow_statue, nemelex_xobeh_ov_fountains_minmay,
          uniq_menkaure
D:7:      minmay_temple_entry_glass, serial_curves, eino_curves_01,
          eino_curves_03
D:8:      roderic_lattice_a
Temple:   nicolae_temple_elliptical
Sewer:    sewer_sea

Skill      XL: |  1  2  3  4  5  6  7  8 |
---------------+-------------------------+-----
Unarmed Combat | 1 2 3 4 5 6 7 9 |  9.0
Fighting       | 1 2 3 |  3.7
Dodging        | 2 3 |  3.8
Summonings     | 3 |  3.7
Spellcasting   | 2 |  2.2
Stealth        | |  1.0

Action                   |  1- 3 |  4- 6 |  7- 9 || total
-------------------------+-------+-------+-------++-------
Melee: Unarmed           |   101 |   208 |   204 ||   513
       Punch             |       |     1 |     6 ||     7
  Use: Potion            |       |     1 |       ||     1
       Scroll            |       |       |    19 ||    19
 Stab: Sleeping          |     3 |     4 |     4 ||    11
       Distracted        |       |       |     1 ||     1
  Eat: Chunk             |    15 |    17 |    28 ||    60
Armor: Robe              |    43 |    64 |    55 ||   162
Dodge: Dodged            |    59 |    92 |    79 ||   230
